 Dungeon Crawl Stone Soup version 0.13.0-59-g13bd910 (webtiles) character file.

695 Lilouch the Firebug (level 6, -2/41 HPs)
             Began as a Mummy Fire Elementalist on Nov 21, 2013.
             Killed from afar by a crimson imp (4 damage)
             ... with a wand of flame
             ... on Level 5 of the Dungeon.
             The game lasted 00:28:23 (8770 turns).

Lilouch the Firebug (Mummy Fire Elementalist)       Turns: 8770, Time: 00:28:24

HP  -2/41        AC  6     Str 11      XL: 6   Next: 96%
MP  13/13        EV 12     Int 16      God:
Gold 191         SH  7     Dex 16      Spells:  3 memorised,  6 levels left

Res.Fire  : x . .   See Invis. : .   f - -3,-1 whip (curse)
Res.Cold  : + . .   Warding    : .   x - +2 robe (curse)
Life Prot.: + + +   Conserve   : .   W - +0 buckler
Res.Poison: +       Res.Corr.  : .   T - +0 cap
Res.Elec. : .       Clarity    : .   D - +1 dwarf cloak
Sust.Abil.: . .     Spirit.Shd : .   (no gloves)
Res.Mut.  : .       Stasis     : .   (no boots)
Res.Rott. : +       Flight     : .   (no amulet)
Saprovore : . . .                    O - ring of positive energy
                                     A - +4 ring of dexterity

@: somewhat resistant to hostile enchantments, fairly stealthy
A: no food or potions, fire vulnerability, restore body, cold resistance 1, life
protection 3, poison resistance, torment resistance, unbreathing
a: no special abilities


You were on level 5 of the Dungeon.
You were not hungry.

You visited 1 branch of the dungeon, and saw 5 of its levels.

You collected 171 gold pieces.

Inventory:

Hand weapons
 c - a +0,+0 orcish club
 f - a cursed -3,-1 whip (weapon)
 g - a +0,+0 club
 j - a +2,+0 elven dagger
 l - a -1,+0 orcish club
 o - a +2,+3 dagger
 q - a +2,+1 elven dagger
 r - a +0,+0 dagger
 s - a +1,+1 sling
 v - a +2,+2 dagger of speed
 B - a +1,+1 dwarven dagger
 G - a cursed -3,-1 orcish dagger
 I - a +1,+2 dagger
 L - a +0,+0 orcish dagger
 P - a +1,+3 orcish dagger
 Q - a +0,+0 dagger
 R - a +0,+0 spear
Missiles
 e - 22 stones
 h - 18 poisoned needles
 t - 5 silver darts (quivered)
 w - 22 sling bullets
Armour
 x - a cursed +2 robe (worn)
 D - a +1 dwarven cloak (worn)
 H - a +0 shield
 T - a +0 cap (worn)
 W - a +0 buckler (worn)
Comestibles
 k - a meat ration
 m - 5 bread rations
 M - a banana
Scrolls
 d - a scroll of magic mapping {unknown}
 n - a scroll of random uselessness
 u - 2 scrolls of curse armour
 y - 2 scrolls of remove curse {unknown}
 C - a scroll of curse weapon {unknown}
 F - a scroll of amnesia {unknown}
 S - a scroll of recharging {unknown}
Jewellery
 A - a +4 ring of dexterity (left hand)
 O - a ring of positive energy (right hand)
Potions
 a - a potion of mutation {unknown}
 i - a potion of heal wounds {unknown}
 z - a potion of curing {unknown}
 E - a potion of might {unknown}
 J - a potion of speed {unknown}
 N - a potion of invisibility {unknown}
 U - a potion of brilliance {unknown}
 V - a potion of agility {unknown}
Books
 b - a book of Flames

   Spells                             Type                      Level
   *Flame Tongue                      Conjuration/Fire             1
   *Throw Flame                       Conjuration/Fire             2
   *Conjure Flame                     Conjuration/Fire             3
   Inner Flame                        Hexes/Fire                   3
   Sticky Flame                       Conjuration/Fire             4
   Fireball                           Conjuration/Fire             5


   Skills:
 - Level 0.2 Fighting
 - Level 1.2 Throwing
 - Level 2.6 Dodging
 - Level 2.3 Stealth
 * Level 3.6 Spellcasting
 + Level 2.6 Conjurations
 + Level 3.7 Fire Magic


You had 6 spell levels left.
You knew the following spells:

 Your Spells              Type           Power        Failure   Level  Hunger
a - Flame Tongue          Conj/Fire      ##...        8%          1    N/A
b - Throw Flame           Conj/Fire      ##....       10%         2    N/A
c - Conjure Flame         Conj/Fire      ##......     17%         3    N/A

Dungeon Overview and Level Annotations

Branches:
Dungeon (5/27)
 Temple: D:4-7

Altars:
Fedhas
Sif Muna
Zin

Annotations:
D:3 Grinder


Innate Abilities, Weirdness & Mutations

You do not eat or drink.
Your flesh is vulnerable to fire.
Your flesh is cold resistant.
You are immune to negative energy.
Your system is resistant to poisons.
You are immune to unholy pain and torment.
You can survive without breathing.


Message History

The crimson imp hits you but does no damage.
You miss the crimson imp.
The crimson imp zaps a wand.
You block the puff of flame.
Your shield prevents you from hitting the crimson imp.
The crimson imp zaps a wand.
The puff of flame hits you! The fire burns you terribly!
* * * LOW HITPOINT WARNING * * *
You barely miss the crimson imp.
The crimson imp disappears for a moment.
The crimson imp zaps a wand.
You block the puff of flame.
The crimson imp zaps a wand.
The puff of flame hits you! The fire burns you terribly!
Your scroll of teleportation catches fire!
* * * LOW HITPOINT WARNING * * *
Casting: Flame Tongue
Confirm with . or Enter, or press ? or * to list all spells.
Okay, then.
The crimson imp zaps a wand.
The puff of flame hits you! The fire burns you terribly!
Your scroll of blinking catches fire!
You die...

### ##.#########
#####..........#
#......#######.#
#.###### #5# ##.##
##.#
###...##########@#.#
..%.............###.#
###...##########.#
..# # ##.## #.# .# #
#.# .# .# # #.# # # #
#.# # #.# # #.#


You could see a crimson imp.

Vanquished Creatures
  The ghost of Ratslayer the Covered, an average MiFi (D:4)
  An ogre (D:4)
  A centaur skeleton (D:5)
  A scorpion (D:5)
  An iguana (D:2)
  A worker ant (D:4)
  A sky beast zombie (D:5)
  5 adders
  A giant mite (D:5)
  2 worms
  An iguana skeleton (D:4)
  An ooze (D:2)
  An orc (D:3)
  18 bats
  4 giant cockroaches
  8 goblins
  10 hobgoblins
  4 jackals
  2 quokkas
  A ball python (D:4)
  3 giant geckos
  6 giant newts
  16 kobolds
  10 rats
100 creatures vanquished.

Notes
Turn   | Place    | Note
--------------------------------------------------------------
     0 | D:1      | Lilouch, the Mummy Fire Elementalist, began the quest for the Orb.
     0 | D:1      | Reached XP level 1. HP: 13/13 MP: 3/3
   340 | D:1      | Reached XP level 2. HP: 5/19 MP: 0/4
  1546 | D:1      | Reached skill level 1 in Conjurations
  1706 | D:1      | Reached XP level 3. HP: 20/24 MP: 1/5
  2261 | D:2      | Found a glowing silver altar of Zin.
  2299 | D:2      | Found a blossoming altar of Fedhas.
  2343 | D:2      | Found a deep blue altar of Sif Muna.
  2444 | D:2      | Learned a level 2 spell: Throw Flame
  2714 | D:2      | Reached skill level 3 in Fire Magic
  4142 | D:2      | Reached XP level 4. HP: 16/30 MP: 0/7
  4349 | D:3      | Noticed Grinder
  4508 | D:1      | Learned a level 3 spell: Conjure Flame
  7296 | D:3      | Reached XP level 5. HP: 33/35 MP: 3/9
  7356 | D:3      | Paralysed by Grinder for 4 turns
  7671 | D:4      | Noticed Ratslayer's ghost (average MiFi)
  7682 | D:4      | Killed Ratslayer's ghost
  7682 | D:4      | Reached XP level 6. HP: 33/41 MP: 3/12
  7827 | D:5      | Entered Level 5 of the Dungeon
  8167 | D:4      | Noticed an ogre
  8209 | D:4      | Killed an ogre
  8209 | D:4      | Reached skill level 1 in Throwing
  8768 | D:5      | HP: 2/41 [crimson imp/wand of flame (10)]
  8770 | D:5      | Killed from afar by a crimson imp

Action                   |  1- 3 |  4- 6 || total
-------------------------+-------+-------++-------
Melee: Whip              |    41 |    27 ||    68
       Club              |     1 |       ||     1
Throw: Stone             |    34 |    37 ||    71
       Dart              |       |    10 ||    10
       Dagger            |       |     8 ||     8
       Club              |       |     6 ||     6
 Cast: Flame Tongue      |    82 |    86 ||   168
       Conjure Flame     |       |    15 ||    15
       Throw Flame       |       |     1 ||     1
  Use: Scroll            |       |     5 ||     5
